 Dungeon Crawl Stone Soup version 0.25-a0-86-ga6f17ae7d4 (webtiles) character file.

Game seed: 4327478526299996843, levelgen mode: deterministic

720 D1HalberdGnoll the Spear-Bearer (level 7, -5/55 HPs)
             Began as a Merfolk Skald on Nov 9, 2019.
             Was an Initiate of Okawaru.
             Slain by an ogre
             ... wielding a +0 giant club
              (16 damage)
             ... on level 8 of the Dungeon.
             The game lasted 00:09:07 (4010 turns).

D1HalberdGnoll the Spear-Bearer (Merfolk Skald)     Turns: 4010, Time: 00:09:07

Health: -5/55      AC: 10    Str: 12    XL:     7   Next: 70%
Magic:  8/10       EV: 14    Int: 13    God:    Okawaru [......]
Gold:   156        SH:  0    Dex: 16    Spells: 6/10 levels left

rFire    . . .     SeeInvis +   r - +1 dagger (elec)
rCold    . . .     Gourm    .   (no shield)
rNeg     . . .     Faith    .   y - +3 leather armour {MR+}
rPois    .         Spirit   .   (no helmet)
rElec    .         Reflect  .   o - +2 cloak
rCorr    .         Harm     .   (no gloves)
MR       +....                  (no boots)
Stlth    +.........             (no amulet)
HPRegen  0.18/turn              n - ring of see invisible
MPRegen  0.12/turn              w - ring of wizardry

@: infused (expiring), heavily drained
A: change form in water, swift swim, stealthy swim, agile 1, deterioration 1,
shaggy fur 1
a: Renounce Religion


You were on level 8 of the Dungeon.
You worshipped Okawaru.
Okawaru was noncommittal.
You were not hungry.

You visited 2 branches of the dungeon, and saw 7 of its levels.

You collected 374 gold pieces.
You spent 218 gold pieces at shops.

Inventory:

Hand Weapons
 a - a +0 spear
 r - a +1 dagger of electrocution (weapon)
Armour
 o - a +2 cloak (worn)
 y - a +3 leather armour of magic resistance (worn)
Jewellery
 n - a ring of see invisible (left hand)
 w - a ring of wizardry (right hand)
Wands
 j - a wand of enslavement (4)
Scrolls
 b - 2 scrolls of remove curse
 c - a scroll of noise {unknown}
 g - a scroll of blinking
 h - a scroll of enchant weapon {unknown}
 i - 2 scrolls of teleportation
 k - 2 scrolls of identify
 l - a scroll of immolation
 p - a scroll of amnesia
Potions
 f - 2 potions of mutation
 m - a potion of agility
 s - a potion of curing
 t - 2 potions of lignification
 u - a potion of heal wounds
 x - a potion of magic {unknown}
Comestibles
 d - 6 rations
 q - 5 chunks of flesh


   Skills:
 + Level 4.8(3.3) Fighting
 * Level 8.6(7.0) Polearms
 - Level 0.6(0.0) Armour
 + Level 5.8(4.3) Dodging
 - Level 2.0(0.6) Spellcasting
 - Level 3.2(1.8) Charms
 + Level 1.7(0.4) Invocations


You had 6 spell levels left.
You knew the following spells:

 Your Spells              Type           Power        Failure   Level  Hunger
a - Infusion              Chrm           #...         7%          1    ##.....
b - Regeneration          Chrm/Necr      #.........   28%         3    ####...

Your spell library contained the following spells:

 Spells                   Type           Power        Failure   Level  Hunger
 Song of Slaying          Chrm           #.......     11%         2    ###....
 Animate Skeleton         Necr           N/A          16%         1    ##.....
 Corona                   Hex            #......      16%         1    ##.....
 Pain                     Necr           #...         16%         1    ##.....
 Shroud of Golubria       Chrm/Tloc      #.....       16%         2    ###....
 Ensorcelled Hibernation  Hex/Ice        #.....       22%         2    ###....
 Spectral Weapon          Hex/Chrm       #.......     28%         3    ####...
 Confuse                  Hex            #.......     41%         3    ####...
 Dazzling Spray           Conj/Hex       #.....       41%         3    ####...
 Tukima's Dance           Hex            #.......     41%         3    ####...
 Vampiric Draining        Necr           #.........   41%         3    ####...
 Animate Dead             Necr           N/A          80%         4    #####..


Dungeon Overview and Level Annotations

Branches:
Dungeon (5/15)             Temple (1/1) D:4

Altars:
Ashenzari
Cheibriados
Dithmenos
Elyvilon
Fedhas
Gozag
Hepliaklqana
Kikubaaqudgha
Okawaru
Ru
Sif Muna
Trog
Vehumet
Xom
Yredelemnul
The Shining One

Shops:
D:4 ?   D:5 =*


Innate Abilities, Weirdness & Mutations

You revert to your normal form in water.
You are very nimble and swift while swimming.
You are very stealthy in the water. (Stealth+)
You are agile. (Dex +2)
Your body sometimes deteriorates upon taking damage.
You are covered in fur. (AC +1)


Message History

A troll comes into view.
The troll shouts!
You hit the ogre. Lightning courses through the ogre!!
The ogre is almost dead.
The ogre hits you but does no damage.
Casting: Regeneration (safe; 28% risk of failure)
Confirm with . or Enter, or press ? or * to list all spells.
You begin infusing your attacks with magical energy.
The ogre hits you with a +0 giant club!
The ogre hits you with a +0 giant club!!
* * * LOW HITPOINT WARNING * * *
You are too injured to fight recklessly!
Your magical infusion is running out.
You closely miss the ogre.
The ogre is almost dead.
The ogre barely misses you.
You hit the ogre.
The ogre is almost dead.
The ogre hits you with a +0 giant club!
You die...

##### #...#
#.#.######.#
#+####.#.O@.....#
........T########
...?.....#
.........#
.........# #
........!####.#####
...................
..###..............
. #..........)...


You could see a troll and an ogre.

Vanquished Creatures
  Grinder (D:3)
  Duvessa (D:5)
  Dowan (D:5)
  A crimson imp (D:5)
  A hound (D:4)
  A jelly (D:5)
  An orc priest (D:3)
  An orc wizard (D:4)
  Natasha (thrice) (D:2)
  A worker ant (D:5)
  A mummy (D:4)
  3 adders
  3 worms
  2 dart slugs
  3 leopard geckos
  14 orcs
  2 ball pythons (D:5)
  7 bats
  5 giant cockroaches
  6 goblins
  6 hobgoblins
  2 jackals (D:5)
  8 kobolds
  6 frilled lizards
  A jackal skeleton (D:4)
  A kobold zombie (D:4)
  A leopard gecko skeleton (D:4)
  An orc zombie (D:4)
  4 rats
88 creatures vanquished.

Vanquished Creatures (collateral kills)
  A hound (D:5)
  A worm (D:5)
2 creatures vanquished.

Grand Total: 90 creatures vanquished

Notes
Turn   | Place    | Note
-------+----------+-------------------------------------------
     0 | D:1      | D1HalberdGnoll the Merfolk Skald began the quest for the
                  | Orb.
     0 | D:1      | Reached XP level 1. HP: 16/16 MP: 3/3
    60 | D:1      | Reached XP level 2. HP: 13/23 MP: 0/5
   300 | D:1      | Reached skill level 4 in Polearms
   509 | D:1      | Reached XP level 3. HP: 28/28 MP: 6/6
   604 | D:2      | Found a shadowy altar of Dithmenos.
   613 | D:2      | You fall into a shaft and drop 2 floors!
   663 | D:2      | Noticed Natasha
   695 | D:2      | Killed Natasha
   695 | D:2      | Reached skill level 5 in Polearms
   695 | D:2      | Reached XP level 4. HP: 28/35 MP: 0/7
   771 | D:2      | Noticed Natasha
   798 | D:2      | Killed Natasha
   989 | D:2      | Noticed Natasha
  1001 | D:2      | Killed Natasha
  1001 | D:2      | Reached XP level 5. HP: 35/41 MP: 0/8
  1375 | D:3      | You fall into a shaft and drop 1 floor!
  1477 | D:3      | Found a hazy altar of Hepliaklqana.
  1542 | D:3      | Reached skill level 6 in Polearms
  1990 | D:3      | Found a bloodstained altar of Trog.
  2089 | D:3      | Noticed Grinder
  2100 | D:3      | Paralysed by Grinder for 2 turns
  2169 | D:3      | Paralysed by Grinder for 7 turns
  2176 | D:3      | Gained mutation: You are covered in fur. (AC +1) [potion of
                  | mutation]
  2176 | D:3      | Gained mutation: Your body sometimes deteriorates upon
                  | taking damage. [potion of mutation]
  2176 | D:3      | Gained mutation: You are agile. (Dex +2) [potion of
                  | mutation]
  2197 | D:3      | Killed Grinder
  2197 | D:3      | Reached skill level 7 in Polearms
  2197 | D:3      | Reached skill level 5 in Dodging
  2197 | D:3      | Reached XP level 6. HP: 13/48 MP: 1/9
  2515 | D:3      | Found a shattered altar of Ashenzari.
  2728 | D:4      | Found a staircase to the Ecumenical Temple.
  2755 | Temple   | Entered the Ecumenical Temple
  2810 | Temple   | Became a worshipper of Warmaster Okawaru
  2976 | D:4      | Found a white marble altar of Elyvilon.
  3000 | D:4      | Reached XP level 7. HP: 47/55 MP: 10/10
  3016 | D:4      | Found Guoloig's Magic Scroll Boutique.
  3027 | D:4      | Bought a scroll of blinking for 97 gold pieces
  3027 | D:4      | Bought a scroll of identify for 26 gold pieces
  3611 | D:5      | Entered Level 5 of the Dungeon
  3638 | D:5      | Reached skill level 8 in Polearms
  3716 | D:5      | Found Eprauck's Assorted Antiques.
  3726 | D:5      | Bought a potion of heal wounds for 95 gold pieces
  3771 | D:5      | Found a blossoming altar of Fedhas.
  3789 | D:5      | Got a faintly humming cloak
  3797 | D:5      | Noticed Duvessa
  3798 | D:5      | Noticed Dowan
  3816 | D:5      | Killed Duvessa
  3816 | D:5      | Reached skill level 1 in Invocations
  3854 | D:5      | Killed Dowan
  3873 | D:5      | Identified the cursed -3 cloak "Woloamud" {*Corrode *Drain
                  | rPois Dex+10} (You found it on level 5 of the Dungeon)
  3901 | D:5      | Learned a level 3 spell: Regeneration
  3948 | D:5      | Found Hosiveux's Jewellery Shop.
  3996 | D:5      | You fall into a shaft and drop 3 floors!
  4001 | D:8      | Noticed a troll
  4010 | D:8      | Slain by an ogre

Levels and vault maps discovered:
D:1:      dpeg_arrival_stone_temple_mockup, layout_rooms
D:2:      layout_loops_ring, grunt_dithmenos_smoke_and_mirrors, uniq_natasha
D:3:      layout_loops_cross, marbit_many_paths, overflow_temple_1_default,
          lemuel_crystal_altar, serial_glass, glass_columns_c, glass_columns_a,
          first_ration, uniq_grinder
D:4:      layout_rooms, lemuel_round_altar, minmay_temple_entry_glass,
          serial_shops, shop, nicolae_ossuary_entry_giza,
          gup_sewer_entry_bubbles
D:5:      layout_gridville, grunt_temple_overflow_forces_of_nature,
          serial_shops, nicolae_shop_trees, shop, nicolae_shop_trees,
          uniq_duvessa
D:8:      layout_basic, nicolae_overflow_crystal_walls, uniq_joseph
Temple:   eino_wide_crystal_templ

Skill      XL: |  1  2  3  4  5  6  7 |
---------------+----------------------+-----
Dodging        | 3 4 5 |  5.8
Polearms       | 4 5 7 8 |  8.6
Fighting       | 3 4 |  4.8
Invocations    | 1 |  1.7
Armour         | |  0.6
Spellcasting   | |  2.0
Charms         | |  3.2

Action                   |  1- 3 |  4- 6 |  7- 9 || total
-------------------------+-------+-------+-------++-------
Melee: Spear             |    91 |   251 |    37 ||   379
       Dagger            |       |       |    63 ||    63
 Cast: Infusion          |     5 |    10 |     3 ||    18
       Regeneration      |       |       |     1 ||     1
Evoke: Wand              |       |       |     8 ||     8
  Use: Potion            |       |     4 |     1 ||     5
       Scroll            |       |     3 |     3 ||     6
  Eat: Chunk             |       |     4 |     3 ||     7
       Ration            |       |     1 |       ||     1
Armor: Leather armour    |     8 |       |     3 ||    11
       Ring mail         |    21 |    40 |    25 ||    86
       Skin              |       |     5 |     9 ||    14
Dodge: Dodged            |    41 |   103 |    61 ||   205

Table legend:
 A = Non-vault XP
 B = Vault XP
 C = Vault XP percentage of total XP
 D = Non-vault monster count
 E = Vault monster count
 F = Vault count percentage of total count
                 A         B        C        D         E       F
            +---------+---------+-------+---------+---------+-------
      Total |     516 |     513 |  49.9 |      76 |      14 |  15.6
            +---------+---------+-------+---------+---------+-------
        D:1 |      35 |       0 |   0.0 |      19 |       0 |   0.0
        D:2 |     118 |      33 |  21.9 |      15 |       1 |   6.2
        D:3 |      83 |     295 |  78.0 |      19 |       2 |   9.5
        D:4 |     117 |      39 |  25.0 |      12 |       9 |  42.9
        D:5 |     163 |     146 |  47.2 |      11 |       2 |  15.4
            +---------+---------+-------+---------+---------+-------
